 Dungeon Sprint DCSS version 0.22.0-18-ge075c0d (webtiles) character file.

15700000 poirepourri the Middleweight Champion (level 27, -149/273 HPs)
             Began as a Ghoul Gladiator on Aug 18, 2018.
             Was the Champion of Makhleb.
             Annihilated by a fleshlord
             ... wielding a +9 great mace
              (359 damage)
             ... in the Dungeon (Sprint VIII: "Arena of Blood").
             The game lasted 00:04:11 (157 turns).

poirepourri the Middleweight Champion (GhGl)         Turns: 157, Time: 00:04:11

Health: -149/273   AC:  8    Str: 22    XL:     27
Magic:  53/53      EV: 34    Int:  3    God:    Makhleb [******]
Gold:   0          SH:  0    Dex: 19    Spells: 80/80 levels left

rFire    . . .     SeeInvis .   k - +∞ Axe of Woe
rCold    + . .     Gourm    .   (shield currently unavailable)
rNeg     + + +     Faith    .   a - +0 leather armour
rPois    ∞         Spirit   .   b - +0 helmet
rElec    .         Reflect  .   (no cloak)
rCorr    .         Harm     .   (no gloves)
MR       ++...     NoTele   +   (no boots)
Stlth    ++++......             (no amulet)
HPRegen  0.00/turn              n - +200 ring of slaying
MPRegen  0.33/turn              f - +30 ring of slaying

@: rotting, slowed, very slow
A: rotting body, claws 1, carnivore, cold resistance 1, negative energy
resistance 3, inhibited regeneration, torment resistance, unbreathing
0: Orb of Zot
a: Minor Destruction, Lesser Servant of Makhleb, Major Destruction, Greater
Servant of Makhleb, Renounce Religion


You were in the Dungeon.
You worshipped Makhleb.
Makhleb was exalted by your worship.
You were not hungry.

You visited 1 branch

Inventory:

Hand Weapons
 k - the +∞ Axe of Woe (weapon)
   (You found it in the Dungeon)
Missiles
 c - 3 throwing nets (quivered)
Armour
 a - a +0 leather armour (worn)
 b - a +0 helmet (worn)
Jewellery
 f - a +30 ring of slaying (right claw)
 l - a +30 ring of slaying
 m - a +30 ring of slaying
 n - a +200 ring of slaying (left claw)
Scrolls
 j - a scroll of blinking
Potions
 e - a potion of curing
 g - a potion of haste
 h - 2 potions of magic
 i - a potion of berserk rage
Comestibles
 d - a ration


   Skills:
 O Level 27 Fighting
 O Level 27 Axes
 O Level 27 Throwing
 O Level 27 Armour
 O Level 27 Dodging
 O Level 27 Stealth
 O Level 27 Unarmed Combat
 O Level 27 Spellcasting
 O Level 27 Invocations


You had 80 spell levels left.
You didn't know any spells.
Your spell library was empty.

Dungeon Overview and Level Annotations

Branches:
Dungeon (1/1)

Altars:
Makhleb


Innate Abilities, Weirdness & Mutations

Your body is rotting away.
You thrive on raw meat.
You are immune to poison.
You have sharp fingernails.
You are carnivorous and can eat meat at any time.
Your flesh is cold resistant. (rC+)
You are immune to negative energy. (rN+++)
You do not regenerate when monsters are visible.
You are immune to unholy pain and torment.
You can survive without breathing.


Message History

You hear a shout! x8; You hear an angry hiss. x2; You hear a shout!
You hear two shouts!
You hear a shout!
You hear a roar!
You hear a shout! x11
You hear a roar!
You hear an angry hiss.
You hear a shout!
You hear two shouts!
You hear a roar!
You hear a shout! x10; You hear a trumpeting!
You hear a shout! x5; You hear a roar!
You hear a shout! x4; You hear a roar!
You feel something staring at you. Something smites you!
You hear a shout! x3
A bag of meat comes into view. It is wielding a +9 war axe.
You hear a shout! x2
The meat berserker rages.
The large bag of meat barely misses you.
The large bag of meat completely misses you.
You hear a shout!
A bag of meat comes into view. It is wielding a +9 war axe.
The tyrant mumbles some strange words.
The meat berserker hits you with a +9 battleaxe!!!
The fleshlord hits you with a +9 great mace!!!!!!
Ouch! That really hurt!
You die...

D.... .. #.... .#
o. #z.. ..#
...###.o. ..###.
.......M###......
#oO....)X_.O.%..
V #[)oX.# .{p


#xoOVX# ....x#p@O.o#... #zVoVWOXpo.o...o ..So.Xox###o.%... .oo###OLo ..###. .o
#po. ..# #z... .# o.S.. .. L...... .... You could see an accursed, 2 tyrants, 3
destroyers, 2 scourges, 3 fleshlords, 3 sculptors of flesh, a large bag of meat
(inner flame), 5 large abominations, a dread, 4 meat berserkers, 16 bags of meat
and 2 crawling corpses.

Vanquished Creatures
  Dispater (D)
  7 hell knights (D)
  8 hell beasts (D)
  Edmund (D)
  3 greater mummies (D)
  9 great orbs of eyes (D)
  6 wraiths (D)
  20 vampire knights (D)
  39 ogres (D)
  2 two-headed ogres (D)
  4 liches (D)
  51 orcs (D)
  4 phantoms (D)
  A sea snake (D)
  A large abomination (D)
  3 ball lightnings (D)
  3 crawling corpses (D)
163 creatures vanquished.

Vanquished Creatures (others)
  3 ball lightnings (D)
3 creatures vanquished.

Grand Total: 166 creatures vanquished

Notes
Turn   | Place    | Note
-------+----------+-------------------------------------------
     0 | D        | Found the +∞ Axe of Woe
     0 | D        | poirepourri the Ghoul Gladiator began the quest for the Orb.
     0 | D        | Reached XP level 1. HP: 17/17 MP: 0/0
     2 | D        | Noticed a bag of meat
     4 | D        | Became a worshipper of Makhleb the Destroyer
     4 | D        | Noticed a bag of meat
     8 | D        | Killed a bag of meat
     8 | D        | Reached XP level 2. HP: 40/40 MP: 1/1
     8 | D        | Reached XP level 3. HP: 47/47 MP: 2/2
     8 | D        | Reached XP level 4. HP: 55/55 MP: 3/3
     8 | D        | Reached XP level 5. HP: 61/61 MP: 4/4
     8 | D        | Reached XP level 6. HP: 68/68 MP: 5/5
     8 | D        | Reached XP level 7. HP: 74/74 MP: 6/6
     8 | D        | Reached XP level 8. HP: 82/82 MP: 7/7
     8 | D        | Reached XP level 9. HP: 89/89 MP: 8/8
     8 | D        | Reached XP level 10. HP: 96/96 MP: 9/9
     8 | D        | Reached XP level 11. HP: 103/103 MP: 10/10
     8 | D        | Reached XP level 12. HP: 110/110 MP: 11/11
     8 | D        | Noticed a bag of meat
     8 | D        | Noticed a bag of meat
     9 | D        | Noticed a bag of meat
    11 | D        | Killed a bag of meat
    11 | D        | Reached * piety under Makhleb
    11 | D        | Reached skill level 5 in Axes
    11 | D        | Reached skill level 10 in Throwing
    11 | D        | Reached XP level 13. HP: 122/122 MP: 12/12
    12 | D        | Noticed a bag of meat
    13 | D        | Noticed a meat berserker
    13 | D        | Killed a bag of meat
    13 | D        | Reached XP level 14. HP: 104/133 MP: 13/13
    14 | D        | Killed a bag of meat
    14 | D        | Reached skill level 15 in Fighting
    14 | D        | Noticed a bag of meat
    17 | D        | Killed a meat berserker
    17 | D        | Reached ** piety under Makhleb
    17 | D        | Reached XP level 15. HP: 50/148 MP: 14/14
    18 | D        | Reached skill level 1 in Armour
    18 | D        | Reached XP level 16. HP: 100/159 MP: 15/15
    18 | D        | Noticed a destroyer
    18 | D        | Noticed a large bag of meat
    20 | D        | Killed a large bag of meat
    20 | D        | Reached skill level 15 in Throwing
    20 | D        | Reached skill level 27 in Unarmed Combat
    20 | D        | Noticed a destroyer
    21 | D        | Reached *** piety under Makhleb
    21 | D        | Reached skill level 15 in Axes
    21 | D        | Reached XP level 17. HP: 70/173 MP: 16/16
    22 | D        | Noticed a destroyer
    23 | D        | Noticed a meat berserker
    25 | D        | Killed a destroyer
    25 | D        | Reached skill level 5 in Armour
    25 | D        | Reached skill level 27 in Dodging
    25 | D        | Reached XP level 18. HP: 91/194 MP: 17/17
    27 | D        | HP: 3/194 [meat berserker/+9 battleaxe (25)]
    28 | D        | Killed a meat berserker
    28 | D        | Reached **** piety under Makhleb
    28 | D        | Reached skill level 27 in Fighting
    28 | D        | Killed a destroyer
    28 | D        | Reached XP level 19. HP: 109/207 MP: 18/18
    29 | D        | Killed a destroyer
    29 | D        | Reached skill level 27 in Axes
    30 | D        | Noticed a meat berserker
    32 | D        | Reached skill level 27 in Throwing
    32 | D        | Reached XP level 20. HP: 158/216 MP: 19/19
    33 | D        | Killed a meat berserker
    33 | D        | Reached ***** piety under Makhleb
    34 | D        | Noticed a destroyer
    34 | D        | Noticed a meat berserker
    35 | D        | Noticed a destroyer
    37 | D        | Noticed a meat berserker
    39 | D        | Killed a destroyer
    39 | D        | Reached skill level 27 in Armour
    39 | D        | Reached XP level 21. HP: 224/224 MP: 20/20
    40 | D        | Killed a meat berserker
    40 | D        | Reached skill level 15 in Invocations
    40 | D        | Noticed a destroyer
    41 | D        | Killed a destroyer
    43 | D        | Killed a meat berserker
    43 | D        | Reached XP level 22. HP: 233/233 MP: 20/43
    49 | D        | Killed a destroyer
    49 | D        | Reached skill level 27 in Stealth
    49 | D        | Reached skill level 27 in Invocations
    49 | D        | Reached XP level 23. HP: 240/240 MP: 22/50
    50 | D        | Reached skill level 27 in Spellcasting
    51 | D        | Reached ****** piety under Makhleb
    55 | D        | Reached XP level 24. HP: 249/249 MP: 23/53
    55 | D        | Noticed a destroyer
    57 | D        | Noticed a meat beast
    59 | D        | Noticed a dread
    59 | D        | Noticed an accursed
    62 | D        | Killed a meat beast
    62 | D        | Reached XP level 25. HP: 257/257 MP: 25/53
    63 | D        | Killed a destroyer
    64 | D        | Noticed a destroyer
    66 | D        | Killed a destroyer
    66 | D        | Reached XP level 26. HP: 266/266 MP: 27/53
    66 | D        | Noticed a dread
    67 | D        | Noticed a dread
    68 | D        | Killed a dread
    68 | D        | Noticed a meat beast
    68 | D        | Noticed a destroyer
    69 | D        | Noticed a destroyer
    70 | D        | Noticed a tyrant
    70 | D        | Noticed a large bag of meat
    72 | D        | Reached XP level 27. HP: 273/273 MP: 28/53
    73 | D        | Killed a meat beast
    75 | D        | Killed a destroyer
    75 | D        | Killed a destroyer
    76 | D        | Noticed a meat beast
    77 | D        | Killed an accursed
    78 | D        | Killed a large bag of meat
    78 | D        | Noticed a dread
    79 | D        | Killed a dread
    80 | D        | Killed a meat beast
    82 | D        | Noticed a meat beast
    87 | D        | Killed a tyrant
    87 | D        | Killed a meat beast
    87 | D        | Noticed a tyrant
    89 | D        | Noticed a meat beast
    89 | D        | Noticed a destroyer
    93 | D        | Killed a destroyer
    94 | D        | Killed a meat beast
    94 | D        | Killed a tyrant
    99 | D        | Killed a dread
    99 | D        | Noticed a meat beast
    99 | D        | Noticed a destroyer
   101 | D        | Noticed a destroyer
   102 | D        | Noticed The Defiler
   105 | D        | Killed a meat beast
   107 | D        | Noticed an accursed
   108 | D        | Noticed a destroyer
   110 | D        | Noticed a destroyer
   111 | D        | Noticed a destroyer
   111 | D        | Killed The Defiler
   112 | D        | Killed a destroyer
   113 | D        | Killed a destroyer
   113 | D        | Killed a destroyer
   113 | D        | Noticed a dread
   116 | D        | Killed a destroyer
   117 | D        | Noticed a fleshlord
   124 | D        | Killed a destroyer
   125 | D        | Killed an accursed
   125 | D        | Killed a fleshlord
   126 | D        | Killed a dread
   128 | D        | Noticed a dread
   128 | D        | Noticed a fleshlord
   129 | D        | Noticed an accursed
   131 | D        | Noticed an accursed
   133 | D        | Killed a fleshlord
   133 | D        | Noticed a fleshlord
   133 | D        | Noticed a fleshlord
   134 | D        | Noticed a fleshlord
   134 | D        | Noticed a tyrant
   135 | D        | Killed a dread
   135 | D        | Killed a fleshlord
   136 | D        | Killed a fleshlord
   136 | D        | Killed a fleshlord
   138 | D        | Noticed a tyrant
   138 | D        | Noticed a fleshlord
   139 | D        | Killed a tyrant
   141 | D        | Noticed a dread
   141 | D        | Noticed a destroyer
   141 | D        | Noticed a destroyer
   142 | D        | Noticed The Meatlord
   142 | D        | Killed an accursed
   143 | D        | Killed a destroyer
   146 | D        | Noticed a destroyer
   146 | D        | Killed a fleshlord
   146 | D        | Killed a tyrant
   147 | D        | Killed a destroyer
   147 | D        | Noticed a meat beast
   148 | D        | Killed a dread
   148 | D        | Noticed a meat beast
   148 | D        | Noticed a fleshlord
   148 | D        | Noticed a destroyer
   150 | D        | Killed a destroyer
   150 | D        | Killed a destroyer
   150 | D        | Noticed a large bag of meat
   150 | D        | Noticed a fleshlord
   151 | D        | Killed The Meatlord
   151 | D        | Killed a meat beast
   151 | D        | Noticed a fleshlord
   151 | D        | Noticed a fleshlord
   152 | D        | Noticed a destroyer
   152 | D        | Killed a meat beast
   152 | D        | Noticed a fleshlord
   152 | D        | Noticed a fleshlord
   153 | D        | Noticed a destroyer
   153 | D        | Noticed a tyrant
   153 | D        | Noticed a dread
   154 | D        | Noticed a dread
   154 | D        | Noticed a dread
   155 | D        | Killed a fleshlord
   155 | D        | Noticed a destroyer
   156 | D        | Noticed a tyrant
   156 | D        | Noticed a tyrant
   157 | D        | Got the Orb of Zot
   157 | D        | Annihilated by a fleshlord

Skill      XL: |  1  2  3  4  5  6  7  8  9 10 11 12 13 14 15 16 17 18 19 20 21 22 23 |
---------------+----------------------------------------------------------------------+-----
Fighting       | 11 13 14 17 18 21 25 27 | 27.0
Axes           | 3 5 7 11 12 15 20 26 27 | 27.0
Throwing       | 9 10 11 13 15 18 21 27 | 27.0
Dodging        | 16 18 19 22 23 25 27 | 27.0
Unarmed Combat | 18 21 22 26 27 | 27.0
Armour         | 1 3 5 8 16 27 | 27.0
Stealth        | 24 27 | 27.0
Spellcasting   | 18 24 27 | 27.0
Invocations    | 22 27 | 27.0

Action                   |  1- 3 |  4- 6 |  7- 9 | 10-12 | 13-15 | 16-18 | 19-21 | 22-24 | 25-27 || total
-------------------------+-------+-------+-------+-------+-------+-------+-------+-------+-------++-------
Melee: Executioner's axe |     1 |       |       |     1 |     4 |     4 |     7 |     7 |    73 ||    97
Invok: Greater Servant o |       |       |       |       |       |       |       |       |     3 ||     3
  Use: Potion            |       |       |       |       |     1 |       |       |       |       ||     1
 Stab: Distracted        |       |       |       |       |       |       |       |       |     1 ||     1
Armor: Leather armour    |       |       |       |       |       |       |       |     1 |     1 ||     2
Dodge: Dodged            |       |       |       |       |       |       |       |     1 |    22 ||    23
